 Dungeon Crawl Stone Soup version 0.29-a0-275-g389c0b56f3 (webtiles) character file.

Game seed: 7191527706345972305

417 siradein the Bolt Thrower (level 6, -1/53 HPs)
             Began as a Hill Orc Hunter on Mar 11, 2022.
             Was an Initiate of Beogh.
             Slain by a troll (3 damage)
             ... on level 6 of the Dungeon.
             The game lasted 00:09:15 (5494 turns).

siradein the Bolt Thrower (Hill Orc Hunter)         Turns: 5494, Time: 00:09:16

Health: -1/53      AC:  7    Str: 15    XL:     6   Next: 92%
Magic:  6/6        EV: 11    Int: 11    God:    Beogh [......]
Gold:   247        SH:  0    Dex: 13    Spells: 5/5 levels left

rFire   . . .      SeeInvis .   r - +2 dagger (speed)
rCold   . . .      Faith    .   (no shield)
rNeg    + . .      Spirit   .   q - +0 ring mail
rPois   .          Reflect  .   (no helmet)
rElec   .          Harm     .   (no cloak)
rCorr   .          Rampage  .   h - +0 pair of gloves
Will    .....                   k - +0 pair of boots
Stlth   +.........              t - amulet of the acrobat
HPRegen 0.17/turn               o - ring of positive energy
MPRegen 0.10/turn               (no ring)

@: no status effects
A: no striking features
a: Renounce Religion


You were on level 6 of the Dungeon.
You worshipped Beogh.
Beogh was noncommittal.
You visited 1 branch of the dungeon, and saw 6 of its levels.

You collected 247 gold pieces.

Inventory:

Hand Weapons
 a - a +1 hand crossbow
 r - a +2 dagger of speed (weapon)
Armour
 h - a +0 pair of gloves (worn)
 k - a +0 pair of boots (worn)
 q - a +0 ring mail (worn)
Jewellery
 f - an amulet of faith
 m - a ring of ice
 o - a ring of positive energy (left hand)
 t - an amulet of the acrobat (around neck)
Wands
 s - a wand of flame (13)
 z - a wand of acid (9)
Scrolls
 b - a scroll of vulnerability {unknown}
 c - 2 scrolls of immolation
 d - 2 scrolls of teleportation
 e - a scroll of fog {unknown}
 g - a scroll of identify {unknown}
 i - a scroll of enchant weapon {unknown}
 j - a scroll of brand weapon {unknown}
 l - 3 scrolls of silence
 p - 2 scrolls of fear {unknown}
 v - a scroll of torment {unknown}
 y - a scroll of amnesia {unknown}
Potions
 n - a potion of flight {unknown}
 u - 5 potions of curing {unknown}
 w - 2 potions of resistance {unknown}
 x - a potion of attraction {unknown}


   Skills:
 + Level 4.3 Fighting
 * Level 5.4 Crossbows
 + Level 3.0 Armour
 + Level 2.9 Dodging
 - Level 0.7 Stealth
 + Level 0.0 Invocations


You had 5 spell levels left.
You didn't know any spells.
Your spell library contained the following spells:

 Spells                   Type           Power      Damage    Failure   Level
 Animate Skeleton         Necr           0%         N/A       56%         1
 Apportation              Tloc           0%         N/A       56%         1
 Summon Small Mammal      Summ           0%         N/A       56%         1


Dungeon Overview and Level Annotations

Branches:
Dungeon (6/15)             Temple (0/1) D:5

Altars:
Gozag
Kikubaaqudgha
Zin


Message History

The electric eel shoots out a bolt of lightning at you!
The bolt of electricity misses you.
The electric eel shoots out a bolt of lightning at you!
The bolt of electricity misses you.
You start resting.
You hear the slow hiss of a very distant avalanche of sand.
You start resting.
You hear the slow hiss of a very distant avalanche of sand.
You start resting.
You hear the hiss of a very distant avalanche of sand.
A troll comes into view.
Aiming: Corrosive Bolt
Press: ? - help, Shift-Dir - straight line, f - troll
Aim: a troll (71% to hit)
The bolt of acid hits the troll!
The acid corrodes the troll!
The troll is lightly wounded.
The troll bites you. The troll claws you. x2
Your hands tingle!
r - a +2 dagger of speed (weapon)
You hit the troll but do no damage.
The troll is lightly wounded.
The troll closely misses you. The troll claws you! The troll claws you.
You hit the troll but do no damage.
The troll is lightly wounded.
You closely miss the troll.
The troll is lightly wounded.
The troll bites you! The troll claws you!
* * * LOW HITPOINT WARNING * * *
The troll barely misses you.
You hit the troll.
The troll is lightly wounded.
The troll bites you!
* * * LOW HITPOINT WARNING * * *
The troll misses you. The troll barely misses you.
You hit the troll but do no damage.
The troll is lightly wounded.
You hit the troll.
The troll is moderately wounded.
The troll barely misses you. The troll claws you.
You die...

#############
#...........#
###.#######.#
#......##.#
######.##.#
#<#.##@#
#.#.##.T......
####.#.######....
#....#.# ..
#.####.#
#.####.######
#.##.........#
#............#
####.........#


You could see a troll (corroded).

Vanquished Creatures
  A necrophage (D:5)
  3 hounds (D:4)
  Jessica (D:3)
  An iguana (D:4)
  An orc wizard (D:3)
  3 gnolls (D:3)
  7 adders (D:2)
  A white imp (D:5)
  An ufetubus (D:4)
  2 dart slugs (D:1)
  5 orcs
  7 ball pythons
  10 endoplasms
  5 giant cockroaches
  5 goblins
  A hobgoblin (D:1)
  A jackal (D:2)
  6 kobolds
  2 quokkas (D:3)
  8 bats
  8 frilled lizards
  8 rats
87 creatures vanquished.

Vanquished Creatures (others)
  A human (D:3)
1 creature vanquished.

Grand Total: 88 creatures vanquished

Notes
Turn   | Place    | Note
-------+----------+-------------------------------------------
     0 | D:1      | siradein the Hill Orc Hunter began the quest for the Orb.
     0 | D:1      | Reached XP level 1. HP: 18/18 MP: 1/1
    28 | D:1      | Reached XP level 2. HP: 21/25 MP: 2/2
   172 | D:1      | Reached skill level 1 in Armour
   491 | D:1      | Reached XP level 3. HP: 30/30 MP: 3/3
   648 | D:1      | Reached skill level 4 in Crossbows
   930 | D:2      | Found a faded altar of an unknown god.
  1237 | D:2      | Reached XP level 4. HP: 21/38 MP: 4/4
  1798 | D:2      | Reached XP level 5. HP: 32/45 MP: 5/5
  2451 | D:3      | Found an opulent altar of Gozag.
  2756 | D:3      | Noticed Jessica
  2765 | D:3      | Killed Jessica
  2785 | D:3      | Found a glowing silver altar of Zin.
  2860 | D:3      | Found an ancient bone altar of Kikubaaqudgha.
  2861 | D:3      | Noticed a human
  2865 | D:3      | Killed a human
  3346 | D:3      | Reached XP level 6. HP: 52/52 MP: 6/6
  3446 | D:4      | Reached skill level 5 in Crossbows
  4570 | D:5      | Entered Level 5 of the Dungeon
  4932 | D:5      | Found a staircase to the Ecumenical Temple.
  4933 | D:5      | Became a worshipper of Beogh the Brigand
  5486 | D:6      | Noticed a troll
  5492 | D:6      | HP: 2/53 [troll (8)]
  5494 | D:6      | Slain by a troll

Illustrated notes

Levels and vault maps discovered:
D:1:      dpeg_arrival_simpleton_c, layout_basic
D:2:      layout_basic, shapermc_ecumenical_altar_notcrosses, minmay_quantized
D:3:      layout_basic, grunt_gozag_statues, tgw_kikubaaqudgha,
          lemuel_round_altar, nrook_uturn, uniq_jessica
D:4:      layout_basic
D:5:      layout_cave_pods, minmay_temple_entry_proselytizer
D:6:      layout_basic, nemelex_diamond_rough_becter, minitemple,
          enter_ossuary_4, water_boxes_lemuel

Skill      XL: |  1  2  3  4  5  6 |
---------------+-------------------+-----
Armour         | 1 2 3 |  3.0
Crossbows      | 4 5 |  5.4
Fighting       | 3 4 |  4.3
Dodging        | 2 |  2.9
Stealth        | |  0.7

Action                   |  1- 3 |  4- 6 || total
-------------------------+-------+-------++-------
Melee: Dagger            |       |    14 ||    14
 Fire: Hand crossbow     |   100 |   234 ||   334
Invok: Convert to Beogh  |       |     1 ||     1
Evoke: Wand              |       |     1 ||     1
  Use: Scroll            |       |     2 ||     2
Armor: Leather armour    |     9 |     9 ||    18
       Ring mail         |       |    45 ||    45
Dodge: Dodged            |    20 |    96 ||   116

Table legend: (Time is in decaauts)
 A = Elapsed time spent in this place.
 B = Non-inter-level travel time spent in this place.
 C = Inter-level travel time spent in this place.
 D = Time resting spent in this place.
 E = Time spent auto-exploring this place.
 F = Levels seen in this place.
 G = Mean time per level.
                   A        B        C        D        E       F      G
               +--------+--------+--------+--------+--------+-----+--------+
         Total |   5609 |   5476 |    133 |    387 |   4316 |   6 |  934.8 |
       Dungeon |   5609 |   5476 |    133 |    387 |   4316 |   6 |  934.8 |
               +--------+--------+--------+--------+--------+-----+--------+

Top non-repeatable levels by time:
     D:2: 1393 daAuts
     D:3: 1258 daAuts
     D:4: 1166 daAuts
     D:1: 863 daAuts
     D:5: 738 daAuts
     D:6: 189 daAuts
